 Dungeon Crawl Stone Soup version 0.26-a0-541-g3b3d21e777 (webtiles) character file.

Game seed: 14015094995199891597

23124 BeastOfSaturn the Carver (level 12, -5/135 HPs)
             Began as a Demonspawn Fighter on Aug 16, 2020.
             Was an Elder of Qazlal.
             Slain by a hell beast (9 damage)
             ... in a Gauntlet.
             The game lasted 00:32:32 (16689 turns).

BeastOfSaturn the Carver (Demonspawn Fighter)      Turns: 16689, Time: 00:32:33

Health: -5/135     AC: 26    Str: 16 (19) XL:     12   Next: 69%
Magic:  0/20       EV:  2    Int: 12 (13) God:    Qazlal [****..]
Gold:   467        SH: 10    Dex: 13 (14) Spells: 17/22 levels left

rFire    + + .     SeeInvis .   d - +4 double sword (vamp)
rCold    x . .     Faith    .   (no shield)
rNeg     + + +     Spirit   +   (armour currently unavailable)
rPois    +         Reflect  +   (helmet currently unavailable)
rElec    .         Harm     .   (cloak currently unavailable)
rCorr    .         NoTele   +   (gloves currently unavailable)
MR       .....                  (boots currently unavailable)
Stlth    +.........             I - amulet of reflection
HPRegen  0.32/turn              i - ring of fire
MPRegen  0.17/turn              j - ring of protection from fire

@: tree-form, hasted, repel missiles, very quick
A: rugged brown scales 2, agile 1, magic shield
a: Upheaval, Elemental Force, Renounce Religion


You were in a Gauntlet.
You worshipped Qazlal.
Qazlal was greatly pleased with you.
You were a tree.
You visited 3 branches of the dungeon, and saw 15 of its levels.
You also visited: Gauntlet.

You collected 812 gold pieces.
You spent 345 gold pieces at shops.

Inventory:

Hand Weapons
 a - a +2 great sword of venom
 b - a +5 morningstar of freezing
 d - a +4 vampiric double sword (weapon)
 J - a +3 long sword
Armour
 e - a +0 helmet (melded)
 o - the +0 pair of gloves of Beauty (melded) {Int+4}
   (You found it on level 1 of the Lair of Beasts)

   It affects your intelligence (+4).
 r - a +0 cloak (melded)
 s - +0 acid dragon scales
 v - a scarf of invisibility
 B - a +0 pair of boots (melded)
 H - the +2 ring mail of Ytroethirro (melded) {rElec rN+}
   (You found it on level 3 of the Lair of Beasts)

   It insulates you from electricity.
   It protects you from negative energy.
Jewellery
 h - an uncursed ring of positive energy
 i - a ring of fire (left branch)
 j - a ring of protection from fire (right branch)
 l - an uncursed ring of ice
 G - an uncursed ring of poison resistance
 I - an amulet of reflection (around neck)
 L - an uncursed ring of teleportation
Wands
 u - a wand of iceblast (1)
 w - a wand of digging (6)
 y - a wand of flame (55)
 A - a wand of random effects (30)
 F - a wand of acid (8)
Scrolls
 g - 11 scrolls of identify
 m - 11 scrolls of teleportation
 n - 2 scrolls of remove curse
 E - a scroll of magic mapping
 K - a scroll of fear
Potions
 c - 2 potions of degeneration
 f - 2 potions of flight
 k - 2 potions of mutation
 p - 2 potions of brilliance {unknown}
 q - 2 potions of lignification
 t - 2 potions of resistance {unknown}
 x - a potion of berserk rage {unknown}
 z - 2 potions of haste
 C - 4 potions of ambrosia {unknown}
 D - a potion of stabbing {unknown}


   Skills:
 - Level 5.0 Fighting
 * Level 13.8 Long Blades
 - Level 0.2 Maces & Flails
 * Level 9.5 Armour
 - Level 3.0 Dodging
   Level 2.6 Shields
 * Level 5.7 Spellcasting
 * Level 5.3 Conjurations
 * Level 4.6 Fire Magic
 + Level 1.4 Evocations


You had 17 spell levels left.
You knew the following spells:

 Your Spells              Type           Power        Failure   Level
a - Fireball              Conj/Fire      ###.......   54%         5

Your spell library contained the following spells:

 Spells                   Type           Power        Failure   Level
 Foxfire                  Conj/Fire      ###.         2%          1
 Conjure Flame            Conj/Fire      ###.....     7%          3
 Animate Skeleton         Necr           #.....       19%         1
 Apportation              Tloc           #.....       19%         1
 Corona                   Hex            #......      19%         1
 Pain                     Necr           #...         19%         1
 Summon Small Mammal      Summ           #...         19%         1
 Dazzling Flash           Conj/Hex       #.....       19%         3
 Inner Flame              Hex/Fire       ##......     22%         3
 Sticky Flame             Conj/Fire      ###.....     24%         4
 Blink                    Tloc           N/A          28%         2
 Ensorcelled Hibernation  Hex/Ice        #.....       28%         2
 Sublimation of Blood     Necr           #.........   28%         2
 Ignite Poison            Fire/Tmut/Pois ##......     28%         3
 Confusing Touch          Hex            #.......     50%         3
 Gell's Gravitas          Tloc           #.........   50%         3
 Lesser Beckoning         Tloc           #.........   50%         3
 Teleport Other           Tloc           #.......     50%         3
 Tukima's Dance           Hex            #.......     50%         3
 Vampiric Draining        Necr           #.........   50%         3
 Irradiate                Conj/Tmut      #.........   86%         5
 Animate Dead             Necr           #.........   88%         4
 Passage of Golubria      Tloc           N/A          88%         4
 Petrify                  Tmut/Erth      #.......     88%         4
 Agony                    Necr           #.......     99%         5
 Alistair's Intoxication  Tmut/Pois      #........    99%         5
 Metabolic Englaciation   Hex/Ice        #.........   99%         5
 Yara's Violent Unravell  Hex/Tmut       #.........   99%         5
 Eringya's Noxious Bog    Tmut/Pois      #.........   100%        6


Dungeon Overview and Level Annotations

Branches:
Dungeon (10/15)            Temple (1/1) D:6            Lair (4/6) D:10
  Swamp (0/4) Lair:4        Snake (0/4) Lair:3      Gauntlet (1/1)
    Orc: D:9-12

Altars:
Ashenzari
Cheibriados
Dithmenos
Elyvilon
Fedhas
Gozag
Hepliaklqana
Kikubaaqudgha
Makhleb
Nemelex Xobeh
Okawaru
Qazlal
Ru
Sif Muna
Trog
Uskayaw
Vehumet
Wu Jian
Xom
Yredelemnul
Zin
The Shining One
Lugonu

Shops:
D:6 [   D:8 !

Annotations:
D:8 Prince Ribbit Gauntlet 9 transporters, 1 runed translucent door


Innate Abilities, Weirdness & Mutations

((You have sharp fingernails.))
(You are mostly covered in rugged brown scales. (AC +2, +5% HP))
((You are mostly covered in sharp spines.))
When hurt, damage is shared between your health and your magic reserves.
You are agile. (Dex +2)


Message History

You block the hell beast's attack.
You closely miss the hell beast.
The hell beast is severely wounded.
The hell beast bites you but does no damage.
You block the hell beast's attack.
You barely miss the hell beast.
The hell beast is severely wounded.
You block the hell beast's attack. x2
You slice the hell beast!!
The hell beast is almost dead.
The hell beast bites you!
* * * LOW HITPOINT WARNING * * *
You block the hell beast's attack.
Okay, then.
Press: ? - help, v - describe, . - travel The floor.
As you read the scroll of fear, it crumbles to dust.
You assume a fearsome visage.
The hell beast is unaffected.
You block the hell beast's attack. The hell beast tramples you!
You die...

### ### ### ### ### ### ### ###
##≈###≈###≈###≈###≈###≈###≈###≈##
#≈≈≈#≈≈≈#≈≈≈#≈≈≈#≈≈≈#≈≈≈#≈≈≈#≈≈≈#
.................................
#######...#########...#########..
..hR#.#.8.#...h...#.8.###...###.8
###h#h#...#..#.#°§#...###...###..
..###E#####!.#.#2○######.+##..###
..©...#©.©#©.#©#♣○#©.©#©.#©#..#©.
..###○#...#..#.#°.#...##.##'..#..
###.#.#...#?.#.#§☼#...###...###..
○○..#.#8©8#.......#8©8###...###8©
#################################
.................................
#≈≈≈#...8⌠8..8∩8..8⌠8...#≈≈≈#≈≈≈#
##≈###.................###≈###≈##
### ################### ### ###


You could see a hell beast.

Vanquished Creatures
  Josephine (D:10)
  Fannar (Lair:2)
  3 hydras
  Urug (D:10)
  A slime creature (Gauntlet)
  A centaur zombie (D:10)
  2 black mambas (Lair:2)
  5 cane toads
  Maggie (D:10)
  4 komodo dragons
  6 hippogriffs
  9 blink frogs
  A centaur simulacrum (Gauntlet)
  3 wraiths (D:10)
  28 yaks
  A wyvern (Lair:2)
  2 hell hounds (Gauntlet)
  13 water moccasins
  2 porcupines (D:10)
  An orc warrior (D:6)
  An ice beast (D:10)
  2 phantoms
  2 sky beasts
  2 black bears
  4 ogres
  3 wolves (Lair:1)
  A necrophage (D:9)
  A centaur (D:7)
  7 crocodiles
  A big kobold (D:9)
  20 bullfrogs
  A hornet simulacrum (Gauntlet)
  4 scorpions
  17 wights
  6 howler monkeys
  8 hounds
  3 orc priests
  2 jellies
  A wyvern simulacrum (Gauntlet)
  A bullfrog skeleton (D:9)
  A centaur skeleton (D:9)
  7 orc wizards
  6 worker ants
  A killer bee zombie (D:7)
  2 bullfrog simulacra (Gauntlet)
  3 hound skeletons
  A worker ant zombie (D:5)
  Robin (D:2)
  3 gnolls (D:3)
  15 adders
  2 shadow imps
  A white imp (D:6)
  3 ufetubi
  An ooze (D:2)
  2 adder skeletons
  5 worms
  A dart slug (D:2)
  3 leopard geckos
  24 orcs
  9 bats
  7 giant cockroaches
  15 goblins
  13 hobgoblins
  17 jackals
  6 kobolds
  A quokka (D:3)
  3 ball pythons
  7 frilled lizards
  6 rats
339 creatures vanquished.

Vanquished Creatures (others)
  40 fungi (D:10)
  12 plants (D:10)
52 creatures vanquished.

Grand Total: 391 creatures vanquished

Notes
Turn   | Place    | Note
-------+----------+-------------------------------------------
     0 | D:1      | BeastOfSaturn the Demonspawn Fighter began the quest for
                  | the Orb.
     0 | D:1      | Reached XP level 1. HP: 18/18 MP: 1/1
   394 | D:1      | Gained mutation: When hurt, damage is shared between your
                  | health and your magic reserves. [demonic ancestry]
   394 | D:1      | Reached XP level 2. HP: 24/24 MP: 2/2
   500 | D:1      | Reached skill level 2 in Long Blades
   746 | D:1      | Found a sparkling altar of Nemelex Xobeh.
   837 | D:2      | Reached XP level 3. HP: 15/29 MP: 1/3
  1099 | D:2      | Noticed Robin
  1138 | D:2      | Killed Robin
  1329 | D:2      | Gained mutation: You are partially covered in rugged brown
                  | scales. (AC +1, +3% HP) [demonic ancestry]
  1329 | D:2      | Reached XP level 4. HP: 29/36 MP: 2/4
  1482 | D:2      | Reached skill level 1 in Dodging
  1576 | D:2      | You fall into a shaft and drop 1 floor!
  1604 | D:3      | Reached skill level 3 in Long Blades
  1606 | D:3      | Reached XP level 5. HP: 18/42 MP: 3/5
  2344 | D:3      | Found a shadowy altar of Dithmenos.
  3110 | D:2      | Found a glowing golden altar of the Shining One.
  3223 | D:2      | Found a faded altar of an unknown god.
  3621 | D:4      | Reached XP level 6. HP: 42/49 MP: 3/6
  3698 | D:4      | Found a shadowy altar of Dithmenos.
  3766 | D:4      | Reached skill level 4 in Long Blades
  3804 | D:4      | Noticed a sky beast
  3812 | D:4      | Killed a sky beast
  3884 | D:4      | HP: 1/49 [ogre/+0 giant club (16)]
  4244 | D:4      | Reached skill level 5 in Long Blades
  4244 | D:4      | Gained mutation: You are mostly covered in rugged brown
                  | scales. (AC +2, +5% HP) [demonic ancestry]
  4244 | D:4      | Reached XP level 7. HP: 43/56 MP: 4/7
  4437 | D:4      | Found a hide-covered altar of Uskayaw.
  4437 | D:4      | Found a blossoming altar of Fedhas.
  4438 | D:4      | Found a glowing silver altar of Zin.
  4738 | D:5      | Entered Level 5 of the Dungeon
  4951 | D:5      | Found a sparkling altar of Nemelex Xobeh.
  5060 | D:5      | Reached skill level 5 in Armour
  5497 | D:5      | Gained mutation: You are partially covered in sharp spines.
                  | [demonic ancestry]
  5497 | D:5      | Reached XP level 8. HP: 64/64 MP: 8/8
  5602 | D:5      | Reached skill level 6 in Long Blades
  6379 | D:6      | Found Doasogas's Antique Armour Shop.
  6390 | D:6      | Found a staircase to the Ecumenical Temple.
  6409 | Temple   | Entered the Ecumenical Temple
  6440 | Temple   | Became a worshipper of Ru the Awakened
  6569 | D:6      | Reached skill level 1 in Spellcasting
  7257 | D:7      | Reached skill level 5 in Fighting
  7554 | D:7      | Reached skill level 7 in Long Blades
  7582 | D:7      | Learned a level 5 spell: Fireball
  7601 | D:7      | Noticed a hippogriff
  7613 | D:7      | Killed a hippogriff
  7783 | D:7      | Gained mutation: You have sharp fingernails. [demonic
                  | ancestry]
  7783 | D:7      | Reached XP level 9. HP: 71/71 MP: 11/11
  7927 | D:7      | Reached skill level 1 in Conjurations
  8044 | D:7      | Reached skill level 1 in Fire Magic
  8155 | D:7      | Found a stormy altar of Qazlal.
  8173 | D:7      | Fell from the grace of Ru
  8173 | D:7      | Became a worshipper of Qazlal Stormbringer
  8212 | D:7      | Found a shimmering altar of Xom.
  8221 | D:7      | Found a hazy altar of Hepliaklqana.
  8222 | D:7      | Noticed a spectral ugly thing
  8222 | D:7      | Noticed a hell beast
  8355 | D:8      | Reached skill level 8 in Long Blades
  8497 | D:8      | Found Ceunt's Distillery.
  8569 | D:8      | Bought a potion of heal wounds for 75 gold pieces
  8569 | D:8      | Bought 2 potions of heal wounds for 150 gold pieces
  8569 | D:8      | Bought a potion of heal wounds for 75 gold pieces
  8569 | D:8      | Bought a potion of curing for 45 gold pieces
  8747 | D:8      | Found an ornate altar of the Wu Jian Council.
  8872 | D:8      | Noticed Prince Ribbit
  8980 | D:8      | Found a bloodstained altar of Trog.
  9206 | D:8      | Found a radiant altar of Vehumet.
  9289 | D:9      | Reached * piety under Qazlal
  9447 | D:9      | Found a white marble altar of Elyvilon.
  9586 | D:9      | Found a snail-covered altar of Cheibriados.
  9694 | D:9      | Found an ancient bone altar of Kikubaaqudgha.
  9935 | D:10     | Entered Level 10 of the Dungeon
 10179 | D:10     | Noticed Urug
 10185 | D:10     | HP: 3/71 [Urug/+2 great mace of holy wrath (16)]
 10197 | D:10     | Killed Urug
 10197 | D:10     | Reached skill level 9 in Long Blades
 10197 | D:10     | Reached XP level 10. HP: 46/77 MP: 0/14
 10362 | D:10     | Noticed Maggie
 10394 | D:10     | Killed Maggie
 10591 | D:10     | Noticed Josephine
 10599 | D:10     | Killed Josephine
 10616 | D:10     | Reached skill level 10 in Long Blades
 10898 | D:10     | Found a staircase to the Lair.
 11005 | D:10     | Reached ** piety under Qazlal
 11513 | D:10     | Reached XP level 11. HP: 82/82 MP: 16/16
 11799 | Lair:1   | Entered Level 1 of the Lair of Beasts
 11861 | Lair:1   | Noticed an eight-headed hydra
 11875 | Lair:1   | Killed an eight-headed hydra
 11880 | Lair:1   | Reached skill level 11 in Long Blades
 12391 | Lair:1   | Got a pair of brightly glowing gloves
 12397 | Lair:1   | Identified the cursed +0 pair of gloves of Beauty {Int+4}
                  | (You found it on level 1 of the Lair of Beasts)
 13560 | Lair:2   | Reached skill level 12 in Long Blades
 13689 | Lair:2   | Noticed a five-headed hydra
 13708 | Lair:2   | Killed a five-headed hydra
 14084 | Lair:2   | Reached *** piety under Qazlal
 14332 | Lair:2   | Reached skill level 5 in Spellcasting
 14332 | Lair:2   | Gained mutation: You are mostly covered in sharp spines.
                  | [demonic ancestry]
 14332 | Lair:2   | Reached XP level 12. HP: 20/90 MP: 10/19
 14610 | Lair:3   | Noticed a five-headed hydra
 14640 | Lair:2   | Killed a five-headed hydra
 14682 | Lair:2   | Reached skill level 1 in Evocations
 14925 | Lair:3   | Noticed Fannar
 14927 | Lair:3   | Found a blossoming altar of Fedhas.
 15114 | Lair:3   | Reached skill level 13 in Long Blades
 15136 | Lair:2   | Killed Fannar
 15136 | Lair:2   | Reached skill level 5 in Conjurations
 15215 | Lair:3   | Found a staircase to the Snake Pit.
 15279 | Lair:3   | Got a jewelled ring mail
 15282 | Lair:3   | Identified a scroll of acquirement
 15282 | Lair:3   | Acquired a +2 vampiric double sword
 16035 | Lair:4   | Found a staircase to the Swamp.
 16041 | Lair:4   | Reached **** piety under Qazlal
 16384 | Lair:4   | Found a gate leading to a gauntlet.
 16395 | Gauntlet | Entered a Gauntlet
 16395 | Gauntlet | Found a transporter.
 16403 | Gauntlet | Found a transporter.
 16405 | Gauntlet | Found a transporter.
 16406 | Gauntlet | Found a transporter.
 16410 | Gauntlet | Found a runed translucent door.
 16412 | Gauntlet | Found a runed translucent door.
 16414 | Gauntlet | Found a transporter.
 16417 | Gauntlet | Found a transporter.
 16418 | Gauntlet | Found a transporter.
 16426 | Gauntlet | Noticed a hell beast
 16429 | Gauntlet | Found a transporter.
 16429 | Gauntlet | Found a transporter.
 16430 | Gauntlet | Found a transporter.
 16438 | Gauntlet | Found a transporter.
 16441 | Gauntlet | Found a transporter.
 16442 | Gauntlet | Found a transporter.
 16450 | Gauntlet | Found a transporter.
 16451 | Gauntlet | Identified the +2 leather armour of the Nightingale {+Fly
                  | Regen+ Int-3 Stlth+}
 16563 | Gauntlet | Identified the +2 ring mail of Ytroethirro {rElec rN+} (You
                  | found it on level 3 of the Lair of Beasts)
 16672 | Gauntlet | Gained mutation: You are agile. (Dex +2) [potion of
                  | mutation]
 16672 | Gauntlet | Gained mutation: You are dopey. (Int -2) [potion of
                  | mutation]
 16672 | Gauntlet | Lost mutation: You are dopey. (Int -2) [potion of mutation]
 16688 | Gauntlet | HP: 4/135 [hell beast (11)]
 16689 | Gauntlet | Slain by a hell beast

Illustrated notes

Levels and vault maps discovered:
D:1:      elethiomel_arrival_infinity_welcomes_careful_drivers, layout_basic,
          nrook_mini_backslash, nemelex_diamond_rough_becter
D:2:      layout_loops_ring, tso_oasis_becter, chequers_ecumenical_altar_lobes,
          hangedman_decor_diamond_cutter, kennysheep_generic_room_8, uniq_robin
D:3:      layout_basic, grunt_dithmenos_smoke
D:4:      layout_basic, nicolae_overflow_hidden_temple,
          gammafunk_temple_overflow_claw
D:5:      layout_basic, lemuel_round_altar, kennysheep_dice
D:6:      layout_cave_pods, minmay_temple_entry_water_ring, serial_shops,
          kennysheep_mini_moat
D:7:      layout_loops_cross, regret_index_temple_of_mockery,
          grunt_qazlal_clouds
D:8:      layout_loops_ring, overflow_temple_1_default, lemuel_crystal_altar,
          kennysheep_little_box, serial_shops, shop_statue, uniq_prince_ribbit1
D:9:      layout_basic, kiku_gazebo_garden_becter, lemuel_round_altar,
          elyvilon_altar_3, minmay_unpleasant_kobolds
D:10:     layout_stronghold, due_lair_maze_entry_diamond, uniq_josephine,
          uniq_urug, uniq_maggie
Temple:   corrupted_temple
Lair:1:   layout_loops_ring
Lair:2:   layout_cave_pods
Lair:3:   layout_big_grid, minmay_snake_entry_six_corridors, basic_altar,
          enter_volcano_1, uniq_fannar
Lair:4:   layout_gridlike, swamp_mist, serial_rivers,
          chequers_serial_rivers_small_b, chequers_serial_rivers_small_a,
          chequers_serial_rivers_small_3, chequers_serial_rivers_micro_d,
          chequers_serial_rivers_micro_d, chequers_serial_rivers_large_b,
          gauntlet_entry_generic, serial_bayou_shore_b
Gauntlet: gammafunk_gauntlet_77_escape_option
          [minmay_gauntlet_arena_77_tiled_triplets,
          minmay_gauntlet_arena_77_cramped,
          minmay_gauntlet_arena_77_chump_sandwich,
          minmay_gauntlet_arena_77_mirror, minmay_gauntlet_arena_77_mess,
          gauntlet_exit_watery]

Skill      XL: |  1  2  3  4  5  6  7  8  9 10 11 12 |
---------------+-------------------------------------+-----
Armour         | 3 4 5 6 7 8 9 |  9.5
Long Blades    | 2 3 5 7 9 10 12 13 | 13.8
Dodging        | 1 2 3 |  3.0
Fighting       | 4 5 |  5.0
Spellcasting   | 1 3 5 |  5.7
Conjurations   | 2 3 4 5 |  5.3
Fire Magic     | 2 3 4 |  4.6
Evocations     | 1 |  1.4
Maces & Flails | |  0.2
Shields        | |  2.6

Action                   |  1- 3 |  4- 6 |  7- 9 | 10-12 || total
-------------------------+-------+-------+-------+-------++-------
Melee: Long sword        |   113 |   253 |   481 |   184 ||  1031
       Great sword       |       |       |       |   181 ||   181
       Morningstar       |       |       |       |    13 ||    13
       Double sword      |       |       |       |   100 ||   100
Evoke: Wand              |       |       |       |     7 ||     7
  Use: Scroll            |     3 |     2 |     4 |     8 ||    17
       Potion            |     1 |       |     7 |    10 ||    18
Armor: Scale mail        |    84 |   114 |   198 |    12 ||   408
       Acid dragon scale |       |       |       |   192 ||   192
       Ring mail         |       |       |       |     9 ||     9
       Skin              |       |       |       |     8 ||     8
Dodge: Dodged            |    48 |    87 |   124 |   218 ||   477
Block: Kite shield       |    72 |   111 |   287 |   101 ||   571
       Other             |       |       |       |   169 ||   169
       Rpst.: Long sword |    28 |    22 |    26 |    19 ||    95
       Great sword       |       |       |       |    31 ||    31
       Double sword      |       |       |       |     5 ||     5

Table legend: (Time is in decaauts)
 A = Elapsed time spent in this place.
 B = Non-inter-level travel time spent in this place.
 C = Inter-level travel time spent in this place.
 D = Time resting spent in this place.
 E = Time spent auto-exploring this place.
 F = Levels seen in this place.
 G = Mean time per level.
                   A        B        C        D        E       F      G
               +--------+--------+--------+--------+--------+-----+--------+
         Total |  16888 |  16392 |    496 |   2064 |  11128 |  16 | 1055.5 |
       Dungeon |  11954 |  11616 |    338 |    749 |   8684 |  10 | 1195.4 |
        Temple |     48 |     32 |     16 |      0 |      0 |   1 |   48.0 |
          Lair |   4614 |   4473 |    141 |   1315 |   2444 |   4 | 1153.5 |
      Gauntlet |    271 |    271 |      0 |      0 |      0 |   1 |  271.0 |
               +--------+--------+--------+--------+--------+-----+--------+

Top non-repeatable levels by time:
  Lair:2: 2221 daAuts
    D:10: 1735 daAuts
     D:3: 1446 daAuts
     D:2: 1403 daAuts
     D:5: 1375 daAuts
  Lair:3: 1294 daAuts
     D:6: 1255 daAuts
     D:4: 1188 daAuts
  Lair:1: 1076 daAuts
     D:8: 989 daAuts
     D:7: 916 daAuts
     D:1: 822 daAuts
     D:9: 821 daAuts
Gauntlet: 271 daAuts
  Temple: 48 daAuts
